 Dungeon Crawl Stone Soup version 0.20-a0-1050-g57248f3 (webtiles) character file.

28 Deathtrap2010 the Ogre Mage (level 3, 0/31 HPs)
             Began as an Ogre Wizard on Apr 25, 2017.
             Succumbed to an adder's poison
             ... on level 2 of the Dungeon.
             The game lasted 00:06:55 (1003 turns).

Deathtrap2010 the Ogre Mage (Ogre Wizard)           Turns: 1003, Time: 00:06:55

Health: 0/31       AC:  3    Str:  9 (11) XL:     3   Next: 14%
Magic:  1/8        EV:  9    Int: 18 (20) God:
Gold:   56         SH:  0    Dex:  6 (7)  Spells: 1/10 levels left

rFire    . . .     SeeInvis .   g - +0 club
rCold    . . .     Gourm    .   (no shield)
rNeg     . . .     Faith    .   a - +0 robe
rPois    .         Spirit   .   b - +0 hat
rElec    .         Reflect  .   (no cloak)
rCorr    .         Harm     .   (gloves unavailable)
MR       .....                  (boots unavailable)
Stlth    ++........             (no amulet)
Regen    0.1/turn               e - ring of stealth
MPRegen  0.2/turn               (no ring)

@: lethally poisoned (0 -> -8)
A: unfitting armour, tough skin 1
a: no special abilities


You were on level 2 of the Dungeon.
You were not hungry.

You visited 1 branch of the dungeon, and saw 2 of its levels.

You collected 56 gold pieces.

Inventory:

Hand Weapons
 g - a +0 club (weapon)
Armour
 a - a +0 robe (worn)
 b - a +0 hat (worn)
Jewellery
 e - a ring of stealth (left hand)
Scrolls
 h - 2 scrolls of remove curse
Books
 c - a book of Minor Magic

   Spells                             Type                      Level
   a - Magic Dart                     Conjuration                  1
   b - Blink                          Translocation                2
   c - Call Imp                       Summoning                    2
   d - Slow                           Hexes                        2
   e - Conjure Flame                  Conjuration/Fire             3
   f - Mephitic Cloud                 Conjuration/Poison/Air       3
Comestibles
 d - a bread ration
 f - a meat ration


   Skills:
 * Level 0.4 Armour
 * Level 1.9 Dodging
 - Level 1.4 Stealth
 - Level 0.1 Unarmed Combat
 * Level 4.3 Spellcasting
 * Level 1.3 Conjurations
 + Level 0.8 Summonings
   Level 0.8 Translocations


You had one spell level left.
You knew the following spells:

 Your Spells              Type           Power        Failure   Level  Hunger
a - Magic Dart            Conj           #...         9%          1    None
b - Call Imp              Summ           #.......     16%         2    ##.....
c - Conjure Flame         Conj/Fire      #.......     32%         3    ###....
d - Mephitic Cloud        Conj/Pois/Air  #.......     34%         3    ###....


Dungeon Overview and Level Annotations

Branches:
Dungeon (2/15)

Altars:

Annotations:
D:2 Natasha


Innate Abilities, Weirdness & Mutations

You are too large for most types of armour.
You have tough skin. (AC +1)


Message History

The adder bites you.
* * * LOW HITPOINT WARNING * * *
Casting: Magic Dart
Confirm with . or Enter, or press ? or * to list all spells.
Aiming: Magic Dart
Press: ? - help, Shift-Dir - straight line, f - adder
Aim: an adder (heavily wounded)
The magic dart hits the adder.
The adder is severely wounded.
You feel sick. The adder bites you but does no damage.
Your crimson imp barely misses the kobold.
The adder bites you.
* * * LOW HITPOINT WARNING * * *
You are more poisoned.
The adder poisons you! The kobold barely misses you.
Unknown command.
Unknown command.
You barely miss the adder.
The adder is severely wounded.
You die...

##########
#.$......#
#@S).....#
#SK5†....#
#r.......#
#.($.....#
##..###.##
#.## ..
#.# #. #>#
..


You could see 2 adders, a kobold, a rat and a friendly crimson imp.

Vanquished Creatures
  A dart slug (D:1)
  A leopard gecko (D:1)
  2 bats (D:1)
  A giant cockroach (D:1)
  4 goblins (D:1)
  2 hobgoblins (D:1)
  5 kobolds
  A quokka (D:2)
  3 frilled lizards (D:1)
  2 rats (D:1)
22 creatures vanquished.

Vanquished Creatures (collateral kills)
  A hobgoblin (D:2)
1 creature vanquished.

Grand Total: 23 creatures vanquished

Notes
Turn   | Place    | Note
-------+----------+-------------------------------------------
     0 | D:1      | Deathtrap2010 the Ogre Wizard began the quest for the Orb.
     0 | D:1      | Reached XP level 1. HP: 16/16 MP: 5/5
    55 | D:1      | Reached skill level 1 in Conjurations
   253 | D:1      | Reached XP level 2. HP: 20/24 MP: 0/6
   307 | D:1      | Reached skill level 4 in Spellcasting
   751 | D:1      | Reached XP level 3. HP: 31/31 MP: 6/8
   777 | D:1      | Learned a level 2 spell: Call Imp
   781 | D:1      | Learned a level 3 spell: Conjure Flame
   785 | D:1      | Learned a level 3 spell: Mephitic Cloud
   885 | D:2      | Noticed Natasha
  1002 | D:2      | HP: 1/31 [adder (4)]
  1003 | D:2      | Succumbed to an adder's poison

Vault maps used:
D:1:      dpeg_arrival_tiny_a
D:2:      nicolae_overflow_hidden_temple, uniq_natasha

Skill      XL: |  1  2 |
---------------+-------+-----
Conjurations   | 1 |  1.3
Spellcasting   | 4 |  4.3
Armour         | |  0.4
Dodging        | |  1.9
Stealth        | |  1.4
Unarmed Combat | |  0.1
Summonings     | |  0.8
Translocations | |  0.8

Action                   || total
-------------------------++-------
Melee: Unarmed           ||     6
       Club              ||    30
 Cast: Magic Dart        ||    47
       Call Imp          ||     2
  Use: Potion            ||     1
       Scroll            ||     3
Armor: Robe              ||    16
Dodge: Dodged            ||    30
